2351 views
Uploaded 2021-07-09 19:47:15
Game version 1.32.10
57:03 long 1on1 ladder game on (2)LastRefuge
Saved by xzz
2351 views
Uploaded 2021-07-09 19:47:15
Game version 1.32.10
57:03 long 1on1 ladder game on (2)LastRefuge

89 units @ 13.4k
/ 2.7k
39 buildings @ 6.5k
/ 3.3k


| Orb of Venom | 1 | 325 |
| Potion of Healing | 1 | 150 |
| Scroll of Town Portal | 1 | 350 |
| Potion of Lesser Invulnerability | 2 | 300 |
| total: | 5 | 1125g |
| Wisp | 34 | 2040 | / | 0 |
| Archer | 6 | 780 | / | 60 |
| Huntress | 6 | 1170 | / | 120 |
| Dryad | 10 | 1450 | / | 600 |
| Hippogryph | 4 | 640 | / | 80 |
| Faerie Dragon | 5 | 775 | / | 125 |
| Glaive Thrower | 10 | 2100 | / | 650 |
| Mountain Giant | 3 | 1050 | / | 300 |
| Chimaera | 7 | 2310 | / | 490 |
| Goblin Shredder | 1 | 375 | / | 100 |
| Goblin Sapper | 2 | 430 | / | 200 |
| Ogre Mauler | 1 | 300 | / | 0 |
| total: | 89 | 13420g | / | 2725w |
| Ancient Protector | 15 | 2025 | / | 1200 |
| Altar of Elders | 1 | 180 | / | 50 |
| Moon Well | 11 | 1980 | / | 440 |
| Ancient of War | 2 | 300 | / | 120 |
| Hunter's Hall | 1 | 210 | / | 100 |
| Ancient of Wonders | 1 | 90 | / | 30 |
| Tree of Life | 3 | 1020 | / | 555 |
| Ancient of Lore | 2 | 310 | / | 290 |
| Ancient of Wind | 1 | 150 | / | 140 |
| Chimaera Roost | 2 | 280 | / | 380 |
| Tree of Ages | 1 | 320 | / | 180 |
| Tree of Eternity | 1 | 330 | / | 200 |
| total: | 39 | 6545g | / | 3305w |
| 0:01 | Wisp |
| 0:02 | Wisp |
| 0:02 | Wisp |
| 0:25 | Altar of Elders |
| 0:28 | Wisp |
| 0:34 | Moon Well |
| 0:37 | Wisp |
| 0:43 | Ancient of War |
| 1:00 | Wisp |
| 1:04 | Wisp |
| 1:37 | Moon Well |
| 1:40 | Wisp |
| 1:40 | Wisp |
| 1:45 | Archer |
| 1:51 | Wisp |
| 1:52 | Wisp |
| 2:14 | Hunter's Hall |
| 2:28 | Moon Well |
| 2:33 | Entangling Roots |
| 2:51 | Archer |
| 3:20 | Tree of Ages |
| 3:28 | Huntress |
| 3:49 | Huntress |
| 4:16 | Moon Well |
| 4:31 | Huntress |
| 5:22 | Force of Nature |
| 5:43 | Goblin Shredder |
| 6:04 | Moon Well |
| 6:13 | Ancient of Lore |
| 6:32 | Ancient of Wind |
| 6:42 | Sentinel |
| 6:56 | Evasion |
| 7:13 | Moon Well |
| 7:23 | Thorns Aura |
| 7:24 | Ogre Mauler |
| 7:32 | Abolish Magic |
| 7:34 | Dryad |
| 7:52 | Hippogryph |
| 8:21 | Mana Burn |
| 8:51 | Moon Well |
| 8:53 | Moon Well |
| 8:59 | Hippogryph |
| 9:04 | Ancient of Lore |
| 9:11 | Ancient of Wonders |
| 9:36 | Archer |
| 9:37 | Hippogryph |
| 10:03 | Moon Well |
| 10:05 | Moon Well |
| 10:09 | Ancient Protector |
| 10:31 | Dryad |
| 10:36 | Potion of Lesser Invulnerability |
| 11:29 | Tree of Life |
| 11:36 | Ancient Protector |
| 12:21 | Evasion |
| 12:44 | Ancient Protector |
| 12:50 | Moon Well |
| 13:03 | Thorns Aura |
| 13:11 | Scroll of Town Portal |
| 13:18 | Potion of Lesser Invulnerability |
| 13:33 | Wisp |
| 13:33 | Wisp |
| 13:33 | Wisp |
| 13:33 | Wisp |
| 13:38 | Wisp |
| 13:38 | Wisp |
| 13:43 | Dryad |
| 13:49 | Ancient Protector |
| 14:21 | Ancient Protector |
| 14:24 | Ancient Protector |
| 14:52 | Ancient Protector |
| 15:04 | Archer |
| 15:04 | Dryad |
| 15:49 | Dryad |
| 15:50 | Dryad |
| 15:52 | Faerie Dragon |
| 15:58 | Wisp |
| 15:58 | Wisp |
| 16:08 | Archer |
| 16:09 | Dryad |
| 16:18 | Mana Burn |
| 16:51 | Tree of Eternity |
| 16:56 | Strength of the Moon |
| 17:20 | Goblin Sapper |
| 17:20 | Goblin Sapper |
| 18:13 | Vorpal Blades |
| 18:23 | Wisp |
| 18:30 | Ancient of War |
| 18:36 | Tree of Life |
| 18:50 | Faerie Dragon |
| 18:53 | Glaive Thrower |
| 18:59 | Force of Nature |
| 19:13 | Ancient Protector |
| 19:23 | Mountain Giant |
| 19:36 | Glaive Thrower |
| 19:46 | Wisp |
| 19:54 | Glaive Thrower |
| 20:00 | Dryad |
| 20:12 | Orb of Venom |
| 20:12 | Potion of Healing |
| 20:36 | Glaive Thrower |
| 20:49 | Ancient Protector |
| 21:27 | Wisp |
| 21:27 | Wisp |
| 21:27 | Wisp |
| 21:31 | Ancient Protector |
| 21:35 | Ancient Protector |
| 21:58 | Huntress |
| 23:05 | Glaive Thrower |
| 24:03 | Glaive Thrower |
| 24:27 | Dryad |
| 25:04 | Glaive Thrower |
| 26:45 | Huntress |
| 26:57 | Tree of Life |
| 27:00 | Ancient Protector |
| 27:06 | Wisp |
| 27:07 | Wisp |
| 27:43 | Faerie Dragon |
| 28:45 | Glaive Thrower |
| 28:47 | Evasion |
| 28:54 | Glaive Thrower |
| 29:52 | Chimaera Roost |
| 29:55 | Ancient Protector |
| 29:56 | Wisp |
| 29:56 | Wisp |
| 29:56 | Wisp |
| 29:56 | Wisp |
| 30:12 | Strength of the Wild |
| 30:41 | Faerie Dragon |
| 31:01 | Ancient Protector |
| 31:27 | Ancient Protector |
| 32:02 | Chimaera |
| 32:21 | Tranquility |
| 32:42 | Corrosive Breath |
| 32:43 | Chimaera |
| 32:48 | Wisp |
| 32:48 | Wisp |
| 32:53 | Chimaera Roost |
| 32:59 | Huntress |
| 33:07 | Chimaera |
| 35:32 | Chimaera |
| 35:55 | Metamorphosis |
| 36:14 | Hardened Skin |
| 36:14 | Resistant Skin |
| 36:15 | Mountain Giant |
| 36:31 | Wisp |
| 36:31 | Wisp |
| 36:51 | Mountain Giant |
| 36:54 | Faerie Dragon |
| 37:23 | Chimaera |
| 37:39 | Glaive Thrower |
| 37:48 | Hippogryph |
| 38:01 | Reinforced Hides |
| 38:58 | Chimaera |
| 39:49 | Archer |
| 39:51 | Dryad |
| 39:58 | Chimaera |
| 41:52 | Thorns Aura |
| 42:49 | Immolation |
| Right click | 1436 |
| Select group | 1276 |
| Select | 582 |
| Misc. action | 267 |
| Assign group | 218 |
| Build/train/purchase | 156 |
| Use ability | 130 |
| Chat | 47 |
| Esc | 7 |
| Item give/drop | 6 |
63 units @ 8.7k
/ 2k
90 buildings @ 5.5k
/ 2.9k

| Scroll of Regeneration | 13 | 1300 |
| Lesser Clarity Potion | 14 | 980 |
| Potion of Healing | 8 | 1200 |
| Potion of Mana | 3 | 600 |
| Scroll of Town Portal | 4 | 1400 |
| Potion of Invisibility | 4 | 400 |
| Boots of Speed | 1 | 250 |
| Staff of Teleportation | 1 | 150 |
| Potion of Lesser Invulnerability | 3 | 450 |
| total: | 51 | 6730g |
| Peasant | 17 | 1275 | / | 0 |
| Footman | 4 | 540 | / | 0 |
| Flying Machine | 11 | 1100 | / | 330 |
| Mortar Team | 12 | 2160 | / | 840 |
| Sorceress | 8 | 1240 | / | 160 |
| Priest | 2 | 270 | / | 20 |
| Siege Engine | 5 | 975 | / | 300 |
| Goblin Sapper | 1 | 215 | / | 100 |
| Goblin Shredder | 2 | 750 | / | 200 |
| Forest Troll Shadow Priest | 1 | 195 | / | 10 |
| total: | 63 | 8720g | / | 1960w |
| Scout Tower | 65 | 1950 | / | 1300 |
| Arcane Tower | 13 | 910 | / | 650 |
| Guard Tower | 17 | 1190 | / | 850 |
| Altar of Kings | 1 | 180 | / | 50 |
| Farm | 12 | 960 | / | 240 |
| Lumber Mill | 1 | 120 | / | 0 |
| Barracks | 1 | 160 | / | 60 |
| Arcane Vault | 2 | 260 | / | 60 |
| Blacksmith | 1 | 140 | / | 60 |
| Town Hall | 3 | 1155 | / | 615 |
| Cannon Tower | 11 | 1320 | / | 1100 |
| Workshop | 3 | 420 | / | 420 |
| Arcane Sanctum | 1 | 150 | / | 140 |
| Keep | 1 | 320 | / | 210 |
| Castle | 1 | 360 | / | 210 |
| total: | 90 | 5495g | / | 2945w |
| 0:28 | Peasant |
| 0:29 | Peasant |
| 0:34 | Altar of Kings |
| 0:39 | Farm |
| 0:49 | Peasant |
| 0:49 | Peasant |
| 0:49 | Peasant |
| 1:08 | Lumber Mill |
| 1:28 | Peasant |
| 1:40 | Farm |
| 1:47 | Peasant |
| 1:52 | Barracks |
| 1:59 | Scout Tower |
| 2:06 | Peasant |
| 2:15 | Scout Tower |
| 2:18 | Peasant |
| 2:42 | Arcane Tower |
| 2:48 | Guard Tower |
| 2:51 | Peasant |
| 3:02 | Footman |
| 3:04 | Farm |
| 3:08 | Farm |
| 3:11 | Scout Tower |
| 3:21 | Flame Strike |
| 3:29 | Footman |
| 3:39 | Improved Masonry |
| 3:41 | Guard Tower |
| 3:48 | Scout Tower |
| 3:54 | Scout Tower |
| 4:03 | Scout Tower |
| 4:06 | Scout Tower |
| 4:11 | Footman |
| 4:16 | Farm |
| 4:24 | Guard Tower |
| 4:29 | Arcane Tower |
| 4:48 | Guard Tower |
| 5:40 | Arcane Tower |
| 5:43 | Siphon Mana |
| 6:01 | Arcane Vault |
| 6:14 | Farm |
| 6:27 | Farm |
| 6:52 | Keep |
| 6:59 | Footman |
| 7:04 | Scout Tower |
| 7:07 | Scout Tower |
| 7:08 | Scout Tower |
| 7:16 | Scroll of Regeneration |
| 7:17 | Lesser Clarity Potion |
| 7:32 | Scroll of Regeneration |
| 7:52 | Blacksmith |
| 8:06 | Goblin Sapper |
| 8:31 | Goblin Shredder |
| 8:55 | Arcane Tower |
| 9:01 | Scroll of Regeneration |
| 9:09 | Scout Tower |
| 9:12 | Scout Tower |
| 9:14 | Scout Tower |
| 9:17 | Scout Tower |
| 9:18 | Scout Tower |
| 9:33 | Farm |
| 9:45 | Farm |
| 10:04 | Flame Strike |
| 10:15 | Scout Tower |
| 10:15 | Scout Tower |
| 10:15 | Scout Tower |
| 10:16 | Scout Tower |
| 10:16 | Scout Tower |
| 10:17 | Scout Tower |
| 10:25 | Peasant |
| 10:25 | Peasant |
| 10:30 | Workshop |
| 10:33 | Workshop |
| 10:39 | Guard Tower |
| 10:42 | Guard Tower |
| 10:44 | Guard Tower |
| 10:46 | Guard Tower |
| 11:02 | Guard Tower |
| 11:05 | Guard Tower |
| 11:09 | Scout Tower |
| 11:10 | Scout Tower |
| 11:10 | Scout Tower |
| 11:12 | Guard Tower |
| 11:32 | Flak Cannons |
| 11:33 | Flying Machine |
| 11:45 | Arcane Tower |
| 12:07 | Goblin Shredder |
| 12:11 | Flying Machine |
| 12:18 | Scout Tower |
| 12:18 | Scout Tower |
| 12:19 | Scout Tower |
| 12:20 | Scout Tower |
| 12:21 | Scout Tower |
| 12:22 | Scout Tower |
| 12:40 | Mortar Team |
| 12:52 | Cannon Tower |
| 13:18 | Forest Troll Shadow Priest |
| 13:46 | Cannon Tower |
| 13:55 | Scroll of Regeneration |
| 14:06 | Town Hall |
| 14:17 | Lesser Clarity Potion |
| 14:40 | Cannon Tower |
| 14:51 | Lesser Clarity Potion |
| 15:09 | Arcane Sanctum |
| 15:20 | Flying Machine |
| 15:30 | Cannon Tower |
| 15:58 | Peasant |
| 15:58 | Peasant |
| 15:58 | Peasant |
| 15:59 | Peasant |
| 15:59 | Peasant |
| 16:10 | Arcane Vault |
| 16:18 | Scout Tower |
| 16:18 | Scout Tower |
| 16:19 | Scout Tower |
| 16:20 | Scout Tower |
| 16:20 | Scout Tower |
| 16:21 | Scout Tower |
| 16:22 | Scout Tower |
| 16:23 | Scout Tower |
| 16:24 | Scout Tower |
| 16:25 | Scout Tower |
| 16:26 | Scout Tower |
| 16:27 | Scout Tower |
| 16:59 | Flying Machine |
| 17:22 | Siphon Mana |
| 17:41 | Potion of Healing |
| 17:53 | Potion of Healing |
| 18:09 | Scroll of Regeneration |
| 18:09 | Lesser Clarity Potion |
| 18:13 | Flame Strike |
| 18:17 | Cannon Tower |
| 18:20 | Guard Tower |
| 18:22 | Guard Tower |
| 18:23 | Arcane Tower |
| 18:26 | Arcane Tower |
| 18:27 | Guard Tower |
| 18:29 | Arcane Tower |
| 18:33 | Town Hall |
| 18:41 | Scout Tower |
| 18:41 | Scout Tower |
| 18:41 | Scout Tower |
| 18:42 | Scout Tower |
| 18:46 | Scout Tower |
| 18:47 | Scout Tower |
| 18:54 | Sorceress Adept Training |
| 18:55 | Sorceress |
| 19:06 | Advanced Masonry |
| 19:20 | Scout Tower |
| 19:21 | Scout Tower |
| 19:23 | Cannon Tower |
| 19:24 | Guard Tower |
| 19:47 | Castle |
| 19:56 | Potion of Invisibility |
| 19:58 | Boots of Speed |
| 20:02 | Staff of Teleportation |
| 20:17 | Cannon Tower |
| 20:43 | Guard Tower |
| 20:47 | Mortar Team |
| 20:55 | Black Gunpowder |
| 21:28 | Farm |
| 21:28 | Farm |
| 21:28 | Farm |
| 21:44 | Guard Tower |
| 22:01 | Mortar Team |
| 22:07 | Scroll of Regeneration |
| 22:08 | Potion of Healing |
| 22:10 | Scroll of Town Portal |
| 22:40 | Potion of Lesser Invulnerability |
| 22:56 | Scroll of Town Portal |
| 23:11 | Mortar Team |
| 23:14 | Priest |
| 23:17 | Priest |
| 23:20 | Workshop |
| 23:23 | Potion of Healing |
| 23:25 | Potion of Mana |
| 23:55 | Summon Phoenix |
| 24:27 | Mortar Team |
| 24:28 | Fragmentation Shards |
| 25:53 | Potion of Invisibility |
| 25:54 | Potion of Lesser Invulnerability |
| 26:04 | Scout Tower |
| 26:04 | Scout Tower |
| 26:04 | Scout Tower |
| 26:05 | Scout Tower |
| 26:05 | Scout Tower |
| 26:06 | Scout Tower |
| 26:06 | Scout Tower |
| 26:07 | Scout Tower |
| 26:08 | Scout Tower |
| 26:12 | Mortar Team |
| 26:14 | Refined Gunpowder |
| 26:14 | Studded Leather Armor |
| 26:16 | Sorceress |
| 26:16 | Sorceress Master Training |
| 26:17 | Sorceress |
| 27:08 | Flare |
| 27:19 | Cannon Tower |
| 27:20 | Arcane Tower |
| 27:27 | Potion of Invisibility |
| 28:24 | Arcane Tower |
| 28:40 | Sorceress |
| 28:40 | Sorceress |
| 28:47 | Scroll of Regeneration |
| 28:49 | Lesser Clarity Potion |
| 28:50 | Potion of Mana |
| 28:52 | Potion of Healing |
| 29:15 | Scout Tower |
| 29:16 | Scout Tower |
| 29:16 | Scout Tower |
| 29:48 | Siphon Mana |
| 30:00 | Flying Machine Bombs |
| 30:50 | Arcane Tower |
| 30:51 | Cannon Tower |
| 30:53 | Scout Tower |
| 30:54 | Scout Tower |
| 30:56 | Scout Tower |
| 31:31 | Cannon Tower |
| 31:33 | Arcane Tower |
| 31:35 | Imbued Gunpowder |
| 31:41 | Imbued Masonry |
| 32:32 | Mortar Team |
| 32:41 | Cannon Tower |
| 32:42 | Arcane Tower |
| 33:29 | Scroll of Town Portal |
| 33:37 | Mortar Team |
| 34:34 | Scroll of Regeneration |
| 34:36 | Lesser Clarity Potion |
| 34:37 | Potion of Mana |
| 34:51 | Flying Machine |
| 34:51 | Flying Machine |
| 35:06 | Sorceress |
| 35:34 | Flying Machine |
| 35:42 | Banish |
| 35:48 | Potion of Healing |
| 35:58 | Mortar Team |
| 36:41 | Scroll of Regeneration |
| 37:14 | Flying Machine |
| 37:18 | Mortar Team |
| 38:46 | Mortar Team |
| 39:07 | Lesser Clarity Potion |
| 39:07 | Scroll of Regeneration |
| 39:15 | Scroll of Town Portal |
| 39:39 | Lesser Clarity Potion |
| 40:23 | Flying Machine |
| 41:06 | Mortar Team |
| 41:11 | Potion of Healing |
| 41:13 | Scroll of Regeneration |
| 41:14 | Lesser Clarity Potion |
| 41:51 | Flying Machine |
| 41:52 | Flying Machine |
| 41:58 | Sorceress |
| 43:06 | Scroll of Regeneration |
| 43:07 | Lesser Clarity Potion |
| 43:23 | Potion of Healing |
| 43:31 | Banish |
| 44:07 | Siege Engine |
| 44:52 | Siege Engine |
| 45:04 | Lesser Clarity Potion |
| 45:39 | Siege Engine |
| 45:56 | Scroll of Regeneration |
| 45:57 | Lesser Clarity Potion |
| 46:31 | Siege Engine |
| 46:37 | Barrage |
| 47:07 | Sorceress |
| 47:37 | Siege Engine |
| 47:45 | Potion of Invisibility |
| 47:46 | Potion of Lesser Invulnerability |
| 49:05 | Banish |
| 51:29 | Lesser Clarity Potion |
| 52:36 | Town Hall |
| 54:17 | Lesser Clarity Potion |
| Right click | 2450 |
| Select | 1010 |
| Build/train/purchase | 256 |
| Select group | 207 |
| Use ability | 130 |
| Assign group | 44 |
| Misc. action | 28 |
| Chat | 19 |
| Item give/drop | 7 |
| Remove unit | 3 |
| Esc | 3 |
⇛